 Dungeon Crawl Stone Soup version 0.30.1-6-gbe392663c4 (webtiles) character file.

Game seed: 10730555194567817602

231 Ivernyr the Shield-Bearer (level 6, -2/76 (79) HPs)
             Began as a Formicid Fighter on Sept 20, 2023.
             Slain by a gnoll
             ... wielding a +0 halberd
              (9 damage)
             ... on level 3 of the Dungeon.
             The game lasted 00:06:52 (2339 turns).

Ivernyr the Shield-Bearer (Formicid Fighter)        Turns: 2339, Time: 00:06:53

HP:   -2/76 (79)    AC: 23    Str: 22    XL:     6   Next: 24%
MP:   6/6           EV:  2    Int: 11    God:
Gold: 72            SH:  5    Dex: 12    Spells: 5/5 levels left

rFire   . . .        a - +0 quarterstaff
rCold   . . .        c - +0 buckler
rNeg    . . .        b - melded quicksilver dragon scales
rPois   +            (helmet unavailable)
rElec   .            (cloak currently unavailable)
rCorr   .            (gloves currently unavailable)
SInv    .            (boots currently unavailable)
Will    .....        (no amulet)
Stlth   +            (no ring)
HPRegen 0.32/turn    (no ring)
MPRegen 0.10/turn

%: no passive effects
@: tree-form, lightly drained
A: stationary, stasis, torment immunity, boosted hp, permanent stasis, dig
shafts and tunnels, (antennae 3), four strong arms, clever 1, robust 1
a: no special abilities


You were on level 3 of the Dungeon.
You were a tree.
You visited 1 branch of the dungeon, and saw 3 of its levels.

You collected 72 gold pieces.

Inventory:

Hand Weapons
 a - a +0 quarterstaff (weapon)
Armour
 b - quicksilver dragon scales (melded)
 c - a +0 buckler (worn)
Scrolls
 f - a scroll of fog {unknown}
 g - 3 scrolls of teleportation {unknown}
 i - 4 scrolls of noise {unknown}
 j - a scroll of poison {unknown}
 k - 5 scrolls of identify {unknown}
 m - 3 scrolls of enchant weapon {unknown}
 o - a scroll of torment {unknown}
 r - a scroll of enchant armour {unknown}
Potions
 d - a potion of might
 l - a potion of lignification
 n - a potion of haste


   Skills:
 + Level 4.3 Fighting
 * Level 4.1 Staves
 + Level 4.2 Armour
 + Level 5.2 Shields


You had 5 spell levels left.
You didn't know any spells.
Your spell library was empty.

Dungeon Overview and Level Annotations

Branches:
Dungeon (3/15)

Altars:
Makhleb
Qazlal

Annotations:
D:3 3 runed translucent doors, elbjorno's ghost, weakling MiBe


Innate Abilities, Weirdness & Mutations

You are a tree.
Your roots penetrate the ground, keeping you stationary.
You cannot be teleported.
You are immune to unholy pain and torment.
Your maximum health is greatly increased.
Your equipment is partially melded.
You cannot be hasted, slowed, berserked, paralysed or teleported.
You can dig through walls and to a lower floor.
((You have a pair of large antennae on your head. (SInv)))
Your four strong arms can wield two-handed weapons with a shield.
Your mind is acute. (Int +4, Str/Dex -1)
You are robust. (+10% HP)


Message History

Okay, then.
It was a potion of lignification.
You turn into a tree.
Your quicksilver dragon scales melds into your body.
Your roots penetrate the ground.
The gnoll hits you but does no damage.
Sorry, you're not good enough to have a special ability.
Sorry, you're not good enough to have a special ability.
It was a potion of haste.
Your stasis prevents you from being hasted.
The gnoll hits you but does no damage.
It was a potion of mutation.
You feel extremely strange.
You feel robust.
You feel clever. The gnoll barely misses you.
It was a potion of heal wounds.
You feel much better. The gnoll hits you but does no damage.
You cannot move.
You cannot move.
It was a potion of curing.
You feel better.
The gnoll hits you from afar with a +0 halberd.
It was a potion of berserk rage.
Your stasis prevents you from going berserk.
The gnoll hits you from afar with a +0 halberd!
It was a potion of cancellation.
Your magical effects are unravelling.
You feel magically purged.
You feel less wooden.
Your quicksilver dragon scales unmelds from your body.
The gnoll hits you from afar with a +0 halberd!
* * * LOW HITPOINT WARNING * * *
Okay, then.
Okay, then.
Okay, then.
You block the gnoll's attack.
Things that are here:
a +0 spear; a gnoll corpse Really quaff the potion of lignification?
You turn into a tree.
Your quicksilver dragon scales melds into your body.
Your roots penetrate the ground.
The gnoll hits you but does no damage.
You hit the gnoll but do no damage. The gnoll hits you with a +0 halberd!
You die...

#......)....... ##########
#.............. #........#
#.............. #........#
#############.. ######........#
########## #.# ....##...[....#
#........###.# ....##........#
#.............
....##........######.............
.....'.......Sgg♣..........###+++
######........######.......#W....
########## #########..(.. #....(
#((... #...(.


You could see 2 gnolls and a ball python.

Vanquished Creatures
  Jessica (D:3)
  An orc wizard (D:3)
  Robin (D:3)
  2 gnolls (D:3)
  3 adders (D:2)
  3 worms
  2 dart slugs
  3 orcs (D:3)
  5 endoplasms
  A giant cockroach (D:2)
  17 goblins
  10 hobgoblins
  14 jackals
  3 kobolds
  3 quokkas
  9 ball pythons
  9 bats
  9 frilled lizards
  4 rats
100 creatures vanquished.

Notes
Turn   | Place    | Note
-------+----------+-------------------------------------------
     0 | D:1      | Ivernyr the Formicid Fighter began the quest for the Orb.
     0 | D:1      | Reached XP level 1. HP: 18/18 MP: 1/1
    37 | D:1      | Reached XP level 2. HP: 24/24 MP: 2/2
   279 | D:1      | Reached XP level 3. HP: 29/29 MP: 3/3
   881 | D:2      | Reached XP level 4. HP: 37/37 MP: 4/4
  1496 | D:2      | Reached XP level 5. HP: 42/42 MP: 5/5
  1859 | D:3      | Found a stormy altar of Qazlal.
  1859 | D:3      | Found a burning altar of Makhleb.
  1867 | D:3      | Noticed Robin
  1916 | D:3      | Killed Robin
  1927 | D:3      | Reached skill level 5 in Shields
  2033 | D:3      | Noticed Jessica
  2050 | D:3      | Killed Jessica
  2051 | D:3      | Reached XP level 6. HP: 34/48 MP: 6/6
  2247 | D:3      | Found a runed translucent gate.
  2247 | D:3      | Found a runed translucent gate.
  2247 | D:3      | Found a runed translucent gate.
  2250 | D:3      | Noticed elbjorno's ghost (weakling MiBe)
  2332 | D:3      | Gained mutation: You are robust. (+10% HP) [potion of
                  | mutation]
  2332 | D:3      | Gained mutation: Your mind is acute. (Int +4, Str/Dex -1)
                  | [potion of mutation]
  2339 | D:3      | Slain by a gnoll

Illustrated notes

Levels and vault maps discovered:
D:1:      ldierk_walled_garden_2, layout_loops_ring, serial_park_tiny_1,
          hangedman_feature_mirror, due_unseen_surprise
D:2:      minmay_spotlight, layout_loops_corners, solitary_fountain
D:3:      layout_basic, nicolae_overflow_two_pavilions,
          ebering_ghost_rock_garden, uniq_jessica, uniq_robin, uniq_sigmund

Skill      XL: |  1  2  3  4  5 |
---------------+----------------+-----
Staves         | 3 4 |  4.1
Fighting       | 4 |  4.3
Armour         | 4 |  4.2
Shields        | 5 |  5.2

Action                     |  1- 3 |  4- 6 || total
---------------------------+-------+-------++-------
  Melee: Quarterstaff      |    86 |   187 ||   273
    Use: Potion            |       |     8 ||     8
 Armour: Scale mail        |    21 |       ||    21
         Quicksilver drago |    28 |    91 ||   119
         Skin              |       |     4 ||     4
  Dodge: Dodged            |    41 |   103 ||   144
  Block: Buckler           |    22 |    41 ||    63
